 Dungeon Crawl Stone Soup version 0.18.1-5-g4a78601 (webtiles) character file.

5 tyvek the Skirmisher (level 1, 0/18 HPs)
             Began as a Formicid Abyssal Knight on May 14, 2016.
             Was an Initiate of Lugonu.
             Slain by a giant newt (1 damage)
             ... on level 1 of the Dungeon.
             The game lasted 00:00:48 (140 turns).

tyvek the Skirmisher (Formicid Abyssal Knight)       Turns: 140, Time: 00:00:49

Health: 0/18       AC:  3    Str: 16    XL:     1   Next: 88%
Magic:  2/2        EV: 11    Int: 11    God:    Lugonu [......]
Gold:   38         SH:  0    Dex: 10    Spells: 0 memorised, 0 levels left

rFire  . . .     SeeInvis +     a - +1 mace
rCold  . . .     Gourm    .     b - +0 leather armour
rNeg   . . .     Faith    .     (no shield)
rPois  .         Spirit   .     (helmet unavailable)
rElec  .         Dismiss  .     (no cloak)
rCorr  .         Reflect  .     (no gloves)
SustAt .         Harm     .     (no boots)
MR     .....                    (no amulet)
Stlth  +.........               (no ring)
                                (no ring)

@: not resistant to hostile enchantments, very unstealthy
A: permanent stasis, dig shafts and tunnels, four strong arms, antennae 3
a: Dig, Shaft Self, Renounce Religion


You were on level 1 of the Dungeon.
You worshipped Lugonu.
Lugonu was noncommittal.
You were not hungry.

You visited 1 branch of the dungeon, and saw 1 of its levels.
You visited the Abyss 1 time.

You collected 38 gold pieces.

Inventory:

Hand Weapons
 a - a +1 mace (weapon)
Armour
 b - a +0 leather armour (worn)
Potions
 d - a potion of agility {unknown}
Comestibles
 c - a bread ration {@e1}


   Skills:
 + Level 3.4 Fighting
 + Level 2.1 Maces & Flails
 + Level 2.3 Armour
 + Level 1.0 Dodging
 + Level 2.2 Invocations


You couldn't memorise any spells.
You didn't know any spells.

Dungeon Overview and Level Annotations

Branches:
Dungeon (1/15)

Altars:


Innate Abilities, Weirdness & Mutations

You are under a permanent stasis effect.
You can dig through walls and to a lower floor.
Your four strong arms can wield two-handed weapons with a shield.
You have a pair of large antennae on your head (SInv).


Message History

You start resting.
MP restored: 2 You sense a monster nearby.
You now have 38 gold pieces (gained 17).
There is a staircase leading out of the dungeon here.
You open the door.
There is an open door here.
A giant newt comes into view.
A giant newt is nearby!
A giant newt comes into view.
A jackal comes into view.
The jackal barks!
The giant newt misses you.
A jackal comes into view.
You closely miss the giant newt.
The jackal barks!
The giant newt bites you.
A jackal and a kobold come into view.
You take 1 damage, and have 17/18 hp.
You barely miss the giant newt.
The kobold shouts!
The jackal barks!
The giant newt bites you but does no damage.
The kobold moves out of view.
You miss the giant newt.
The giant newt bites you but does no damage.
The giant newt barely misses you. The giant newt bites you.
You take 1 damage, and have 16/18 hp.
You closely miss the jackal. The jackal barely misses you.
The giant newt closely misses you.
The giant newt bites you but does no damage.
You sock the jackal!
You kill the jackal!
Lugonu accepts your kill. The giant newt bites you.
The giant newt bites you but does no damage.
The giant newt bites you.
You take 3 damage, and have 14/18 hp.
You barely miss the kobold. The giant newt closely misses you.
The kobold hits you but does no damage. The giant newt barely misses you.
The jackal bites you but does no damage.
The jackal bites you. The giant newt closely misses you.
A hobgoblin comes into view. It is wielding a club.
You take 1 damage, and have 13/18 hp.
The kobold throws a stone.
The stone hits you but does no damage.
The jackal bites you but does no damage.
You see here a stone.
The giant newt bites you but does no damage.
The jackal barely misses you. The jackal closely misses you.
You hit the jackal.
The jackal bites you but does no damage.
The jackal bites you.
You take 2 damage, and have 11/18 hp.
You closely miss the jackal. The jackal bites you.
You take 1 damage, and have 10/18 hp.
You completely miss the jackal.
The jackal bites you but does no damage.
The jackal misses you.
You closely miss the jackal. The jackal barely misses you.
The jackal bites you.
You take 2 damage, and have 8/18 hp.
You hit the jackal.
You kill the jackal!
Lugonu accepts your kill. The giant newt barely misses you.
Unknown command.
You hit the giant newt.
You kill the giant newt!
Lugonu accepts your kill.
The kobold throws a stone.
The stone hits you but does no damage.
You miss the kobold. The kobold hits you with a whip.
You take 2 damage, and have 7/18 hp.
You closely miss the kobold. The kobold closely misses you.
You hit the kobold.
You kill the kobold!
Lugonu accepts your kill. The jackal misses you.
You miss the jackal. The jackal closely misses you.
The jackal bites you but does no damage.
You hit the jackal.
The jackal bites you but does no damage.
The jackal bites you.
* * * LOW HITPOINT WARNING * * *
You take 2 damage, and have 5/18 hp.
You completely miss the jackal. The jackal bites you.
* * * LOW HITPOINT WARNING * * *
The jackal bites you but does no damage.
An ooze comes into view.
You take 3 damage, and have 2/18 hp.
You hit the jackal. The jackal closely misses you.
The ooze moves out of view.
You sock the jackal!
You kill the jackal!
Lugonu accepts your kill.
Your Dodging skill increases to level 1!
The giant newt barely misses you.
You completely miss the giant newt. The giant newt bites you.
* * * LOW HITPOINT WARNING * * *
You take 1 damage, and have 1/18 hp.
You closely miss the giant newt. The giant newt bites you.
You die...

##≈≈P..8..P≈≈## ##
#≈≈≈.......≈≈≈# ..
#≈P.8..<..8.P≈# # #.
#≈≈≈.......≈≈≈#
#.###.####≈≈P..8..P≈≈##
#........##≈≈≈.P.≈≈≈##
..........##≈≈≈.≈≈≈##
.(.#......###8'8###
g.......(.J.l@.....#
.#################.#
... ###


You could see an ooze and a giant newt.

Vanquished Creatures
  3 jackals (D:1)
  A giant newt (D:1)
  A kobold (D:1)
5 creatures vanquished.

Notes
Turn   | Place    | Note
--------------------------------------------------------------
     0 | Abyss:1  | tyvek the Formicid Abyssal Knight began the quest for the Orb.
     0 | Abyss:1  | Reached XP level 1. HP: 18/18 MP: 2/2
    61 | Abyss:1  | Noticed a small abomination
    68 | Abyss:1  | Noticed a bone dragon
    80 | D:1      | Escaped the Abyss
   136 | D:1      | HP: 2/18 [jackal (3)]
   138 | D:1      | Reached skill level 1 in Dodging
   140 | D:1      | Slain by a giant newt

Skill      XL: |  1 |
---------------+----+-----
Dodging        | 1 |  1.0
Fighting       | |  3.4
Maces & Flails | |  2.1
Armour         | |  2.3
Invocations    | |  2.2

Action                   || total
-------------------------++-------
Melee: Mace              ||    22
Invok: Depart the Abyss  ||     1
Armor: Leather armour    ||    13
Dodge: Dodged            ||    17

Vault maps used:
D:1:      lightli_arrival_statuegarden, minmay_shallow_snake_nest
Abyss:1:  hangedman_abyss_or_decor_passed

Table legend:
 A = Turns spent in this place as a percentage of turns spent in the entire game.
 B = Non-inter-level travel turns spent in this place as a percentage of non-inter-level travel turns spent in the entire game.
 C = Inter-level travel turns spent in this place as a percentage of turns spent in this place.
 D = Turns resting spent in this place as a percentage of non-inter-level travel turns spent in this place.
 E = Turns spent auto-exploring this place as a percentage of non-inter-level travel turns spent in this place.
 F = Non-inter-level travel turns spent in this place divided by the number of levels of this place that you've seen.
                   A       B       C       D       E      F
               +-------+-------+-------+-------+-------+----------------------
         Total | 100.0 | 100.0 |   0.0 |   1.7 |   1.7 |  60.0
       Dungeon |  30.0 |  30.0 |   0.0 |   5.6 |   5.6 |  36.0
         Abyss |  70.0 |  70.0 |   0.0 |   0.0 |   0.0 |  84.0
               +-------+-------+-------+-------+-------+----------------------

Table legend:
 A = Kills in this place as a percentage of kills in entire the game.
 B = Kills by you in this place as a percentage of kills by you in the entire game.
 C = Kills by friends in this place as a percentage of kills by friends in the entire game.
 D = Other kills in this place as a percentage of other kills in the entire game.
 E = Experience gained in this place as a percentage of experience gained in the entire game.
 F = Experience gained in this place divided by the number of levels of this place that you have seen.
                   A       B       C       D       E      F
               +-------+-------+-------+-------+-------+----------------------
         Total | 100.0 | 100.0 |  -nan |  -nan | 100.0 |   4.0
       Dungeon | 100.0 | 100.0 |  -nan |  -nan | 100.0 |   8.0
               +-------+-------+-------+-------+-------+----------------------
